Map: 亚历山大港 - 天梯版

Players

DnS

  • Race: Protoss Protoss

Scarlett - Winner!

  • Race: Zerg Zerg
  • League: Diamond

Event: WESG 2018 Grand Finals

VOD

Have the link to the VOD?

Description

Time

  • Played on: March 14, 2019, 5:34 a.m.
  • Length: 8:45

All games in this series

Show
View Real Time Build Order
Export as new Build Order

DnS Protoss 

Build Orders: 1 Gate Expand, Double Forge, Archon Immortal 

Get SALT Encoding   

  12  0:00  Probe  
  13  0:13  Probe  
  14  0:20  Pylon  
  14  0:25  Probe  
  15  0:34  Probe  
  15  0:42  Probe, Gateway  
  16  0:47  Assimilator  
  17  0:52  Probe  
  18  1:04  Probe  
  19  1:16  Probe  
  20  1:25  Nexus  
  20  1:37  Cybernetics Core  
  20  1:38  Probe  
  21  1:45  Assimilator  
  21  1:50  Probe  
  21  1:53  Pylon  
  22  2:02  Probe  
  22  2:04  Adept  
  23  2:14  Probe  
  26  2:21  Robotics Facility  
  26  2:26  Probe  
  26  2:27  Warp Gate  
  27  2:35  Probe  
  27  2:36  Stalker  
  29  2:38  Probe  
  29  2:43  Probe  
  31  2:50  Probe  
  33  2:53  Probe  
  34  3:00  Immortal  
  34  3:02  Probe  
  34  3:05  Probe  
  40  3:14  Probe  
  40  3:17  Probe  
  40  3:19  Sentry  
  44  3:21  Pylon  
  44  3:27  Probe  
  45  3:28  Warp Prism  
  45  3:29  Probe  
  46  3:36  Gateway  
  46  3:39  Probe  
  49  3:42  Probe  
  49  3:45  Assimilator  
  49  3:47  Assimilator  
  50  3:52  Probe  
  50  3:54  Probe  
  52  3:57  Pylon, Observer  
  52  4:04  Probe  
  52  4:06  Pylon  
  54  4:10  Forge  
  54  4:15  Stalker, Probe  
  54  4:16  Probe  
  58  4:22  Protoss Ground Weapons Level 1  
  58  4:25  Forge  
  58  4:27  Probe  
  58  4:28  Probe  
  60  4:35  Sentry  
  60  4:36  Immortal  
  66  4:41  Sentry  
  68  5:05  Probe  
  69  5:12  Twilight Council  
  69  5:13  Gateway  
  69  5:14  Pylon  
  69  5:15  Gateway  
  69  5:24  Immortal  
  69  5:29  Nexus  
  69  5:32  Pylon  
  73  5:38  Probe x2  
  74  5:46  Gateway  
  74  5:47  Gateway  
  74  5:49  Gateway  
  74  5:50  Gateway, Charge  
  74  5:52  Probe  
  74  5:53  Probe  
  76  6:00  Observer  
  76  6:03  Protoss Ground Weapons Level 2  
  76  6:04  Probe  
  78  6:05  Probe  
  78  6:10  Zealot x2  
  83  6:19  Probe x2  
  83  6:24  Pylon  
  85  6:29  Templar Archives  
  85  6:30  Immortal  
  85  6:41  Probe x3  
  85  6:43  Stalker  
  94  6:53  Psionic Storm, Probe x3  
  97  7:04  Assimilator  
  97  7:05  Zealot x5, Probe x2, Assimilator  
  109  7:12  Pylon  
  109  7:19  Pylon x2  
  109  7:30  Pylon, Probe x2  
  109  7:32  Pylon, High Templar  
  109  7:33  High Templar x2  
  118  7:37  High Templar x3, Probe  
  124  7:47  Immortal  
  124  7:49  Pylon x2  
  124  7:50  Pylon  
  128  7:51  Photon Cannon  
  128  8:05  High Templar x2, Zealot x3  
  134  8:09  Archon  
  134  8:11  Pylon  
  126  8:20  Zealot  
  114  8:28  Zealot  
  91  8:35  Archon  
  91  8:36  Archon x2  
Show
View Real Time Build Order
Export as new Build Order

Scarlett Zerg - Winner!

Build Orders: Hatch First 

Get SALT Encoding   

  12  0:00  Drone  
  13  0:13  Overlord  
  13  0:18  Drone  
  14  0:31  Drone x2  
  16  0:48  Hatchery  
  15  0:52  Drone  
  15  0:56  Drone  
  17  1:00  Drone  
  18  1:11  Extractor  
  17  1:15  Spawning Pool  
  17  1:18  Drone  
  17  1:22  Drone  
  18  1:29  Drone  
  19  1:40  Drone  
  20  1:51  Hatchery  
  20  1:53  Drone  
  20  2:00  Drone  
  21  2:02  Drone  
  21  2:08  Queen  
  24  2:17  Queen  
  26  2:23  Overlord  
  26  2:26  Drone  
  27  2:31  Metabolic Boost  
  27  2:35  Drone  
  28  2:41  Zergling x4  
  28  2:43  Drone  
  28  2:44  Drone  
  32  2:46  Drone  
  33  2:54  Queen  
  33  2:57  Overlord  
  35  3:00  Drone  
  36  3:10  Drone  
  36  3:11  Drone x2  
  39  3:16  Queen  
  39  3:17  Overlord  
  41  3:22  Drone x2  
  41  3:26  Drone x2  
  45  3:31  Drone x3  
  48  3:36  Drone x2  
  48  3:40  Lair  
  50  3:44  Drone x2  
  52  3:50  Drone x2  
  52  3:55  Roach Warren  
  53  3:57  Overlord  
  53  3:59  Drone x2  
  55  4:05  Drone  
  55  4:06  Drone x2  
  55  4:09  Extractor  
  57  4:10  Overlord  
  57  4:11  Overlord, Extractor  
  57  4:13  Drone  
  57  4:14  Drone  
  58  4:26  Drone  
  58  4:27  Drone x3  
  58  4:29  Overlord  
  62  4:35  Roach x4  
  62  4:37  Overseer  
  70  4:39  Roach  
  70  4:40  Roach  
  70  4:44  Roach, Drone  
  70  4:45  Drone x3  
  80  4:48  Extractor  
  80  4:51  Zergling x2  
  79  4:59  Ravager  
  79  5:01  Ravager  
  79  5:03  Drone  
  79  5:04  Drone x6  
  84  5:07  Drone x3  
  84  5:08  Glial Reconstitution  
  84  5:11  Drone x3  
  84  5:12  Evolution Chamber  
  88  5:15  Overseer  
  88  5:19  Overlord x3  
  88  5:21  Overlord  
  88  5:25  Overlord  
  88  5:29  Overlord  
  88  5:33  Overlord x2, Drone  
  89  5:35  Extractor  
  89  5:38  Extractor  
  89  5:39  Drone  
  89  5:40  Drone x2  
  89  5:41  Roach x2  
  94  5:44  Zerg Missile Weapons Level 1  
  94  5:45  Drone  
  94  5:46  Roach  
  94  5:47  Hydralisk Den  
  96  5:53  Roach x4  
  96  5:54  Roach  
  105  6:08  Drone x4  
  105  6:09  Roach  
  107  6:13  Hatchery  
  106  6:21  Muscular Augments  
  106  6:22  Overlord  
  106  6:23  Overlord  
  106  6:25  Hydralisk x5  
  106  6:32  Pneumatized Carapace, Hydralisk x2  
  116  6:39  Hydralisk  
  120  6:40  Hydralisk x2  
  120  6:46  Hydralisk x3  
  132  7:06  Zergling x24  
  132  7:08  Nydus Network  
  143  7:22  Roach x8  
  158  7:32  Roach x7  
  172  7:48  Roach  
  172  7:50  Overlord x3  
  174  7:54  Nydus Canal  
  174  8:07  Overlord  
  174  8:08  Nydus Canal  
  174  8:09  Roach x6  
  174  8:10  Roach x5  
  194  8:14  Roach  
  194  8:15  Roach x3  
  194  8:18  Overlord  
  193  8:23  Overlord x2  
  193  8:26  Roach  
Tags
 
Add a new tag
Caveats
  • Supply blocks, unpowered buildings, or Contaminate may cause inaccurate times.
  • Supply counts are checked every 10 seconds.